 Dungeon Crawl Stone Soup version 0.28.0-55-gcd9437bce4 (webtiles) character file.

Game seed: 8525334779075772283

35 tkbsonic5 the Covered (level 3, 0/45 HPs)
             Began as a Barachi Fighter on Dec 31, 2022.
             Succumbed to an adder's poison
             ... on level 2 of the Dungeon.
             The game lasted 00:03:48 (1067 turns).

tkbsonic5 the Covered (Barachi Fighter)             Turns: 1067, Time: 00:03:49

Health: 0/45       AC: 21    Str: 19    XL:     3   Next: 35%
Magic:  3/3        EV:  2    Int:  8    God:
Gold:   37         SH:  4    Dex: 11    Spells: 2/2 levels left

rFire   . . .      SeeInvis .   a - +0 long sword
rCold   . . .      Faith    .   c - +0 buckler
rNeg    . . .      Spirit   .   (armour currently unavailable)
rPois   +          Reflect  .   (helmet currently unavailable)
rElec   .          Harm     .   (cloak currently unavailable)
rCorr   .          Rampage  .   (gloves currently unavailable)
Will    .....      NoTele   +   (boots currently unavailable)
Stlth   +.........              (no amulet)
HPRegen 0.15/turn               (no ring)
MPRegen 0.08/turn               (no ring)

@: mighty, lethally poisoned (0 -> -5), tree-form
A: stationary, stasis, torment immunity, boosted hp, (amphibious), (slowness 1),
(strong legs 1), +LOS
a: no special abilities


You were on level 2 of the Dungeon.
You were a tree.
You visited 1 branch of the dungeon, and saw 2 of its levels.

You collected 37 gold pieces.

Inventory:

Hand Weapons
 a - a +0 long sword (weapon)
Missiles
 f - 16 arrows
Armour
 b - a +0 scale mail
 c - a +0 buckler (worn)
 e - a +0 chain mail (melded)
 g - a +0 cloak (melded)
Scrolls
 h - 2 scrolls of identify {unknown}


   Skills:
 * Level 4.0 Fighting
 + Level 2.7 Long Blades
 * Level 4.0 Armour
 * Level 1.2 Dodging
 * Level 3.6 Shields


You had 2 spell levels left.
You didn't know any spells.
Your spell library was empty.

Dungeon Overview and Level Annotations

Branches:
Dungeon (2/15)

Altars:
Trog


Innate Abilities, Weirdness & Mutations

You are a tree.
Your roots penetrate the ground, keeping you stationary.
You cannot be teleported.
You are immune to unholy pain and torment.
Your maximum health is greatly increased.
Your equipment is partially melded.
((You are amphibious.))
((You cover ground slowly.))
((You can hop short distances.))
You have an extended range of vision and can be seen from far away.


Message History

The adder poisons you! The adder bites you but does no damage.
It was a potion of flight.
You feel very buoyant.
You fly up into the air.
* * * LOW HITPOINT WARNING * * *
You feel sick. The adder bites you but does no damage.
It was a potion of lignification.
You turn into a tree.
Your +0 cloak melds into your body.
Your +0 chain mail melds into your body.
Your roots penetrate the ground.
You feel sick. The adder bites you but does no damage.
You closely miss the adder.
The adder is almost dead.
You feel sick.
The adder bites you but does no damage. x2
You barely miss the adder.
The adder is almost dead.
You feel sick.
The adder bites you but does no damage. x2
You closely miss the adder.
The adder is almost dead.
You feel sick.
You are no longer poisoned.
The adder bites you but does no damage.
You closely miss the adder.
The adder is almost dead.
The adder bites you but does no damage. The adder barely misses you.
You miss the adder.
The adder is almost dead.
The adder bites you but does no damage. x2
You miss the adder.
The adder is almost dead.
You block the adder's attack.
You closely miss the adder.
The adder is almost dead.
The adder bites you but does no damage. The adder bites you.
* * * LOW HITPOINT WARNING * * *
You are lethally poisoned!
The adder poisons you!
You slash the adder!
You kill the adder!
You die...

#############
#.......>...#
#
#.#########.#
. #.# #.# .#
#.# #.# ##.#
#.# #.# ...
#.#
######.#####.#
#.#
#.....>...♣†.#
#.#
#.......####.#
#.# #.......#
...
#.####..._...#
##.#
#............#
.#
######.......#
# #.#######
#.# ##.##


There were no monsters in sight!

Vanquished Creatures
  An adder (D:2)
  A dart slug (D:1)
  2 bats (D:1)
  2 endoplasms (D:1)
  2 giant cockroaches (D:1)
  4 goblins (D:1)
  3 hobgoblins (D:1)
  4 jackals (D:1)
  A quokka (D:1)
  3 frilled lizards (D:1)
  3 kobolds (D:1)
  4 rats (D:1)
30 creatures vanquished.

Notes
Turn   | Place    | Note
-------+----------+-------------------------------------------
     0 | D:1      | tkbsonic5 the Barachi Fighter began the quest for the Orb.
     0 | D:1      | Reached XP level 1. HP: 18/18 MP: 1/1
    84 | D:1      | Reached XP level 2. HP: 15/25 MP: 2/2
   357 | D:1      | Reached skill level 1 in Dodging
   377 | D:1      | Reached XP level 3. HP: 16/30 MP: 3/3
   996 | D:2      | Found a bloodstained altar of Trog.
  1062 | D:2      | HP: 2/45 [poisoned by an adder]
  1067 | D:2      | Succumbed to an adder's poison

Illustrated notes

Levels and vault maps discovered:
D:1:      sevenhm_arrival_forest_fort_small_3, layout_rooms
D:2:      layout_loops_ring, basic_ecumenical_altar, basic_altar,
          minmay_tromino_v7

Skill      XL: |  1  2  3 |
---------------+----------+-----
Dodging        | 1 |  1.2
Armour         | 4 |  4.0
Fighting       | 4 |  4.0
Long Blades    | |  2.7
Shields        | |  3.6

Action                   || total
-------------------------++-------
Melee: Long sword        ||   105
 Abil: Hop               ||     2
  Use: Potion            ||     4
Armor: Chain mail        ||    79
       Scale mail        ||     2
       Skin              ||    10
Dodge: Dodged            ||    48
Block: Buckler           ||    23
